 Dungeon Crawl Stone Soup version 0.29.0 (webtiles) character file.

Game seed: 13270668578715864007

3895 zenocrate the Sneak (level 10, -5/76 HPs)
             Began as a Demonspawn Fighter on Aug 24, 2022.
             Was a Believer of Dithmenos.
             Slain by a vampire (9 damage)
             ... on level 8 of the Dungeon.
             The game lasted 00:21:50 (11567 turns).

zenocrate the Sneak (Demonspawn Fighter)           Turns: 11567, Time: 00:21:51

Health: -5/76      AC:  7    Str: 16    XL:     10   Next: 0%
Magic:  17/17      EV: 11    Int: 15    God:    Dithmenos [**....]
Gold:   183        SH:  5    Dex: 17    Spells: 13/19 levels left

rFire   . . .      SeeInvis .   a - +4 dagger "Morg" {pain, Will+ Int+5}
rCold   . . .      Faith    .   w - +0 buckler
rNeg    . . .      Spirit   .   K - +1 ring mail {Will+}
rPois   .          Reflect  .   (helmet restricted)
rElec   .          Harm     .   r - +0 cloak
rCorr   .          Rampage  .   (no gloves)
Will    ++...                   (no boots)
Stlth   ++++......              m - amulet of the acrobat
HPRegen 0.22/turn               (no ring)
MPRegen 0.15/turn               (no ring)

@: wreathed by umbra
A: antennae 2, repulsion field 1, foul stench 3, spiny 2
a: Renounce Religion, Shadow Step


You were on level 8 of the Dungeon.
You worshipped Dithmenos.
Dithmenos was pleased with you.
You visited 1 branch of the dungeon, and saw 9 of its levels.
You also visited: Ossuary.

You collected 477 gold pieces.
You spent 294 gold pieces at shops.

Inventory:

Hand Weapons
 a - the +4 dagger "Morg" (weapon) {pain, Will+ Int+5}
   (You found it on level 7 of the Dungeon)

   In the hands of one skilled in necromantic magic, it inflicts extra damage on
   living creatures.
   Int:       It affects your intelligence (+5).
   Will:      It increases your willpower.
 b - a +0 short sword
 F - a +0 dagger of electrocution
Missiles
 h - 5 atropa-tipped darts (quivered)
 n - 5 poisoned darts
 o - 2 throwing nets
 D - 4 silver javelins
 L - a curare-tipped dart
Armour
 r - a +0 cloak (worn)
 s - a +0 leather armour of cold resistance
 u - a +0 kite shield
 w - a +0 buckler (worn)
 K - a +1 ring mail of willpower (worn)
Jewellery
 m - an amulet of the acrobat (around neck)
 B - a ring of fire
Wands
 d - a wand of roots (7)
 e - a wand of polymorph (12)
 H - a wand of charming (9)
Scrolls
 c - 4 scrolls of fear
 g - a scroll of noise {unknown}
 i - a scroll of enchant armour {unknown}
 k - 4 scrolls of teleportation
 x - 2 scrolls of brand weapon {unknown}
 y - 4 scrolls of amnesia
 z - a scroll of torment {unknown}
 A - 2 scrolls of fog {unknown}
 J - a scroll of poison {unknown}
Potions
 j - 5 potions of curing
 l - a potion of cancellation
 p - a potion of lignification
 q - 3 potions of brilliance
 t - a potion of haste {unknown}
 v - 2 potions of ambrosia {unknown}
 C - a potion of berserk rage {unknown}
 E - a potion of mutation {unknown}
 G - 3 potions of flight {unknown}
 I - a potion of invisibility


   Skills:
 + Level 6.0 Fighting
 - Level 2.8 Short Blades
 - Level 2.6 Armour
 - Level 6.4 Stealth
 - Level 2.9 Shields
 - Level 2.2 Unarmed Combat
 - Level 5.2 Spellcasting
 - Level 4.2 Necromancy
 + Level 5.8 Ice Magic
 - Level 4.4 Invocations
 - Level 3.2 Evocations


You had 13 spell levels left.
You knew the following spells:

 Your Spells              Type           Power      Damage    Failure   Level
a - Ensorcelled Hibernat  Hex/Ice        24%        N/A       19%         2
b - Cause Fear            Hex            1%         N/A       98%         4

Your spell library contained the following spells:

 Spells                   Type           Power      Damage    Failure   Level
 Freeze                   Ice            84%        1d10      3%          1
 Frozen Ramparts          Ice            42%        1d7       11%         3
 Magic Dart               Conj           12%        1d3       36%         1
 Searing Ray              Conj           6%         2d4       52%         2
 Inner Flame              Hex/Fire       3%         N/A       75%         3
 Spider Form              Tmut/Pois      3%         N/A       75%         3
 Hailstorm                Conj/Ice       12%        3d5       75%         4
 Summon Ice Beast         Ice/Summ       12%        N/A       75%         4
 Anguish                  Hex/Necr       5%         N/A       85%         4
 Fulminant Prism          Conj/Hex       1%         3d6       98%         4
 Summon Mana Viper        Hex/Summ       3%         N/A       100%        5
 Monstrous Menagerie      Summ           1%         N/A       100%        7
 Discord                  Hex            1%         N/A       100%        8


Dungeon Overview and Level Annotations

Branches:
Dungeon (9/15)             Temple (0/1) D:5         Ossuary (visited)
   Lair: D:8-11         Orc: D:9-12

Altars:
Cheibriados
Dithmenos
Fedhas
Gozag
Sif Muna
Vehumet

Shops:
D:7 (   D:8 *


Innate Abilities, Weirdness & Mutations

You have a pair of antennae on your head.
You are surrounded by a mild repulsion field. (EV +2)
You frequently emit foul miasma when damaged in melee.
You are mostly covered in sharp spines.


Message History

Something bites you but does no damage.
You closely miss something. Something hits you but does no damage.
Something bites you.
* * * LOW HITPOINT WARNING * * *
Something draws strength from your injuries!
You hit something but do no damage.
Your transformation is almost over.
Something hits you but does no damage. Something bites you.
* * * LOW HITPOINT WARNING * * *
Something draws strength from your injuries!
You hit something but do no damage. Something hits you but does no damage.
Something bites you but does no damage.
You hit something but do no damage. You hit something but do no damage.
Something hits you.
* * * LOW HITPOINT WARNING * * *
Something bites you but does no damage.
You closely miss something. Something hits you.
* * * LOW HITPOINT WARNING * * *
Something bites you but does no damage.
You barely miss something.
A vampire appears from thin air!
Reactivating autopickup.
The vampire hits you but does no damage.
The vampire bites you but does no damage.
You hit the vampire but do no damage.
The vampire hits you but does no damage.
The vampire bites you but does no damage.
You hit the vampire.
The vampire is lightly damaged.
The vampire mumbles some strange words.
The vampire flickers and vanishes!
Deactivating autopickup; reactivate with Ctrl-A.
Your magical effects are unravelling.
You feel magically purged.
You feel less wooden.
Your +0 cloak unmelds from your body.
Your +1 ring mail of willpower unmelds from your body.
You feel strong-willed. Something hits you!
* * * LOW HITPOINT WARNING * * *
Something bites you!
You die...

#####.......#
##.#...)).... #.#....##
#.#.....#### #.####..###
#.......#
#.#####...####......##
#..........# #.......###
#........#.#########...#
#........#..............
#........####...........
#......@{####'########..
#........##.............
#........'............#.
##..)....##.............
##########............#
#.............
#.............
#.............
###.............


There were no monsters in sight!

Vanquished Creatures
  A two-headed ogre (D:7)
  Sigmund (D:5)
  A wraith (Ossuary)
  A wyvern (D:8)
  Menkaure (D:6)
  Edmund (D:6)
  A water moccasin (D:6)
  4 orc warriors
  2 sky beasts
  4 ogres (D:4)
  A centaur (D:5)
  A phantom (D:4)
  Blork the orc (D:5)
  3 bullfrogs
  A kobold brigand (D:8)
  2 scorpions
  A howler monkey (D:4)
  3 hounds (D:7)
  5 jellies
  Crazy Yiuf (D:3)
  4 orc priests
  Ijyb (D:3)
  2 iguanas
  10 orc wizards
  2 mummies
  10 adders
  2 white imps
  A worm (D:2)
  2 dart slugs (D:1)
  21 orcs
  6 endoplasms
  3 giant cockroaches
  9 goblins
  4 hobgoblins
  6 jackals (D:1)
  3 quokkas
  10 ball pythons
  4 bats (D:2)
  5 frilled lizards
  5 gnoll skeletons (Ossuary)
  8 kobolds
  9 kobold skeletons (Ossuary)
  A kobold zombie (D:7)
  11 orc skeletons (Ossuary)
  An orc zombie (D:7)
  7 rats
183 creatures vanquished.

Notes
Turn   | Place    | Note
-------+----------+-------------------------------------------
     0 | D:1      | zenocrate the Demonspawn Fighter began the quest for the
                  | Orb.
     0 | D:1      | Reached XP level 1. HP: 18/18 MP: 1/1
   211 | D:1      | Gained mutation: You are partially covered in sharp spines.
                  | [demonic ancestry]
   211 | D:1      | Reached XP level 2. HP: 20/24 MP: 2/2
   358 | D:1      | Found a faded altar of an unknown god.
   365 | D:1      | Prayed at the altar of an unknown god.
   365 | D:1      | Became a worshipper of Dithmenos the Shadowed
   365 | D:1      | Reached * piety under Dithmenos
   800 | D:1      | Reached skill level 1 in Stealth
   800 | D:1      | Gained mutation: You are mostly covered in sharp spines.
                  | [demonic ancestry]
   800 | D:1      | Reached XP level 3. HP: 29/29 MP: 4/4
  1069 | D:2      | Reached skill level 1 in Invocations
  1124 | D:2      | Reached ** piety under Dithmenos
  1151 | D:2      | Gained mutation: You are surrounded by a mild repulsion
                  | field. (EV +2) [demonic ancestry]
  1151 | D:2      | Reached XP level 4. HP: 10/35 MP: 5/5
  2405 | D:3      | Found a runed translucent door.
  2406 | D:3      | Noticed Crazy Yiuf
  2575 | D:3      | Found a snail-covered altar of Cheibriados.
  2575 | D:3      | Found a shimmering blue altar of Sif Muna.
  2576 | D:3      | Found a blossoming altar of Fedhas.
  2870 | D:3      | Noticed Ijyb
  2880 | D:3      | Killed Ijyb
  2881 | D:3      | Reached skill level 1 in Short Blades
  2881 | D:3      | Gained mutation: You may rarely emit foul miasma when
                  | damaged in melee. [demonic ancestry]
  2881 | D:3      | Reached XP level 5. HP: 28/41 MP: 6/6
  3158 | D:3      | Killed Crazy Yiuf
  3493 | D:4      | Reached skill level 1 in Spellcasting
  3763 | D:4      | Noticed an ogre
  3774 | D:4      | Killed an ogre
  3775 | D:4      | Gained mutation: You have a pair of small antennae on your
                  | head. [demonic ancestry]
  3775 | D:4      | Reached XP level 6. HP: 43/47 MP: 6/10
  4140 | D:4      | Found an opulent altar of Gozag.
  4387 | D:5      | Entered Level 5 of the Dungeon
  4982 | D:4      | Gained mutation: You sometimes emit foul miasma when
                  | damaged in melee. [demonic ancestry]
  4982 | D:4      | Reached XP level 7. HP: 27/52 MP: 12/12
  5991 | D:5      | Reached skill level 1 in Evocations
  6009 | D:5      | Found a staircase to the Ecumenical Temple.
  6264 | D:4      | Learned a level 4 spell: Cause Fear
  6688 | D:5      | Noticed Sigmund
  6707 | D:5      | Killed Sigmund
  6708 | D:5      | Reached skill level 5 in Fighting
  6708 | D:5      | Reached XP level 8. HP: 63/63 MP: 13/13
  6867 | D:5      | Noticed Blork the orc
  6879 | D:5      | Killed Blork the orc
  7148 | D:6      | Noticed Menkaure
  7159 | D:6      | Killed Menkaure
  7160 | D:6      | Reached skill level 5 in Stealth
  7422 | D:6      | Noticed Edmund
  7436 | D:6      | Killed Edmund
  7834 | D:6      | Learned a level 2 spell: Ensorcelled Hibernation
  8028 | D:7      | Reached skill level 1 in Ice Magic
  8083 | D:7      | Found a sand-covered staircase.
  8112 | Ossuary  | Entered an ossuary
  8550 | D:7      | Gained mutation: You frequently emit foul miasma when
                  | damaged in melee. [demonic ancestry]
  8550 | D:7      | Reached XP level 9. HP: 64/69 MP: 14/14
  8890 | D:7      | Noticed a two-headed ogre
  8897 | D:7      | HP: 1/69 [two-headed ogre/+0 giant club (11)]
  8899 | D:7      | Killed a two-headed ogre
  8899 | D:7      | Reached *** piety under Dithmenos
  9171 | D:7      | Reached skill level 5 in Spellcasting
  9649 | D:7      | Found the +4 dagger "Morg" {pain, Will+ Int+5}
  9801 | D:7      | Reached skill level 1 in Necromancy
 10061 | D:7      | Found a radiant altar of Vehumet.
 10194 | D:7      | Found Deegueso's Weapon Shop.
 10456 | D:8      | Reached skill level 5 in Ice Magic
 10929 | D:8      | Found Reicaeg's Assorted Antiques.
 10991 | D:8      | Bought a scroll labelled DUPEOBIANY for 30 gold pieces
 10991 | D:8      | Bought a smoky ruby potion for 27 gold pieces
 10991 | D:8      | Bought a smoky ruby potion for 27 gold pieces
 10991 | D:8      | Bought a shiny ring mail for 210 gold pieces
 11335 | D:8      | Gained mutation: You have a pair of antennae on your head.
                  | [demonic ancestry]
 11335 | D:8      | Reached XP level 10. HP: 76/76 MP: 14/17
 11567 | D:8      | Slain by a vampire

Illustrated notes

Levels and vault maps discovered:
D:1:      minmay_arrival_loop, layout_basic, basic_ecumenical_altar
D:2:      layout_basic, minmay_randomly_rotated_circles
D:3:      layout_loops_ring, grunt_temple_overflow_open, uniq_ijyb,
          uniq_crazy_yiuf_cottage
D:4:      layout_loops_ring, marbit_many_paths, zin_scriptorium,
          mainiacjoe_overflow_paths
D:5:      layout_cave_pools, minmay_temple_entry_tees, minmay_misc_feat_roman,
          uniq_blork_the_orc, uniq_sigmund
D:6:      layout_rooms, kennysheep_nub, uniq_menkaure, uniq_edmund
D:7:      layout_basic, mainiacjoe_overflow_alcove_1, serial_shops,
          nicolae_shop_bloodbath_and_beyond, enter_bailey_5,
          nicolae_ossuary_entry_giza, chequers_serial_rivers_large_b
D:8:      layout_basic, serial_shops, shop, chequers_serial_rivers_micro_c
D:9:      layout_basic, old_standard_altar, hiddenorc2_lemuel,
          minmay_misc_feat_plants

Skill      XL: |  1  2  3  4  5  6  7  8  9 |
---------------+----------------------------+-----
Unarmed Combat | 2 |  2.2
Stealth        | 1 2 3 4 6 |  6.4
Invocations    | 1 2 3 4 |  4.4
Short Blades   | 1 2 |  2.8
Spellcasting   | 2 3 5 |  5.2
Fighting       | 5 6 |  6.0
Evocations     | 3 |  3.2
Ice Magic      | 2 5 |  5.8
Necromancy     | 4 |  4.2
Armour         | |  2.6
Shields        | |  2.9

Action                   |  1- 3 |  4- 6 |  7- 9 | 10-12 || total
-------------------------+-------+-------+-------+-------++-------
Melee: Unarmed           |    30 |       |       |       ||    30
       Dagger            |    67 |   133 |   284 |    52 ||   536
       Short sword       |       |       |    29 |       ||    29
Throw: Dart              |       |     5 |     9 |       ||    14
 Cast: Ensorcelled Hiber |       |       |    10 |       ||    10
Invok: Shadow Step       |       |       |     7 |       ||     7
Evoke: Wand              |       |     2 |       |       ||     2
  Use: Potion            |     1 |     1 |     2 |     3 ||     7
       Scroll            |       |     3 |     6 |     1 ||    10
 Stab: Sleeping          |       |     9 |    17 |       ||    26
       Invisible         |       |     2 |       |       ||     2
       Distracted        |       |       |     1 |       ||     1
Armor: Scale mail        |    25 |       |       |       ||    25
       Ring mail         |     4 |     7 |       |     4 ||    15
       Leather armour    |       |     9 |    28 |       ||    37
       Skin              |       |       |     3 |    47 ||    50
Dodge: Dodged            |    34 |    62 |   123 |     8 ||   227
Block: Buckler           |    17 |    25 |    54 |     8 ||   104
